 Dungeon Crawl Stone Soup version 0.23.2 (webtiles) character file.

Game seed: 10256955693365172378

42 uname the Ducker (level 3, 0/36 HPs)
             Began as a Troll Fighter on Apr 12, 2019.
             Was an Initiate of Okawaru.
             Slain by an orc wizard
             ... wielding a +1 dagger of draining
              (3 damage)
             ... on level 3 of the Dungeon.
             The game lasted 00:22:52 (1004 turns).

uname the Ducker (Troll Fighter)                    Turns: 1004, Time: 00:22:52

Health: 0/36       AC:  6    Str: 30    XL:     3   Next: 35%
Magic:  2/2        EV:  8    Int:  4    God:    Okawaru [......]
Gold:   98         SH:  9    Dex:  9    Spells: 2/2 levels left

rFire    . . .     SeeInvis .   a - +1 flail
rCold    . . .     Gourm    +   c - +0 shield
rNeg     . . .     Faith    .   q - +0 robe
rPois    .         Spirit   .   (helmet restricted)
rElec    .         Reflect  .   (no cloak)
rCorr    .         Harm     .   (gloves unavailable)
MR       .....                  (boots unavailable)
Stlth    +.........             (no amulet)
HPRegen  0.52/turn              (no ring)
MPRegen  0.08/turn              (no ring)

@: mighty
A: large, unfitting armour, claws 3, fast metabolism 3, gourmand, regeneration
1, shaggy fur 1, tough skin 3
a: Renounce Religion


You were on level 3 of the Dungeon.
You worshipped Okawaru.
Okawaru was noncommittal.
You were not hungry.

You visited 1 branch of the dungeon, and saw 3 of its levels.

You collected 98 gold pieces.

Inventory:

Hand Weapons
 a - a +1 flail (weapon)
 r - a +0 hunting sling
Missiles
 m - 14 sling bullets
Armour
 b - a +0 robe
 c - a +0 shield (worn)
 e - a +0 robe
 j - a +0 leather armour
 q - a +0 robe (worn)
Jewellery
 n - an uncursed ring of protection from cold {unknown}
Wands
 l - a wand of polymorph (2)
Scrolls
 h - 2 scrolls of identify
 o - 2 scrolls of teleportation {unknown}
 p - 3 scrolls of remove curse {unknown}
Potions
 d - a potion of might
 k - a potion of lignification
Comestibles
 f - 6 rations


   Skills:
 + Level 2.7 Fighting
 + Level 2.4 Maces & Flails
 + Level 2.8 Dodging
 + Level 2.7 Shields


You had 2 spell levels left.
You didn't know any spells.
Your spell library was empty.

Dungeon Overview and Level Annotations

Branches:
Dungeon (3/15)

Altars:
Elyvilon
Okawaru


Innate Abilities, Weirdness & Mutations

You are too large for most types of armour.
You have claws for hands.
Your metabolism is lightning-fast.
You like to eat raw meat.
Your natural rate of healing is unusually fast.
You are covered in fur. (AC +1)
You have extremely tough skin. (AC +3)


Message History

A leopard gecko comes into view.
The leopard gecko hisses angrily.
You thump the giant cockroach!
You kill the giant cockroach!
Okawaru accepts your kill.
A quokka comes into view.
The quokka moves out of view.
You closely miss the orc wizard.
The orc priest hits you with a +0 hand axe!
* * * LOW HITPOINT WARNING * * *
The orc wizard closely misses you.
Aiming: Polymorph
Press: ? - help, Shift-Dir - straight line, f - orc priest
Aim: an orc priest, wielding a +0 hand axe (unusually resistant, chance to defeat MR: 46%)
The orc priest resists with some effort.
The orc wizard gestures wildly while chanting.
The orc wizard blinks!
The orc priest hits you but does no damage.
The orc wizard hits you with a +1 dagger of draining.
You die...

#.# .%...# #.######
....#
#.##...###.#[###.#
#................#
####...###ยง#.#####
##### #o# # #o# #o#
#@# #o# #o# #o# #o#


ooo rol ... You could see 2 orc priests, an orc wizard, 8 orcs, a leopard gecko
and a quokka.

Vanquished Creatures
  An adder (D:2)
  2 dart slugs (D:1)
  A leopard gecko (D:2)
  4 giant cockroaches
  4 goblins
  2 hobgoblins
  A jackal (D:2)
  A ball python (D:1)
  3 bats
  4 frilled lizards
  7 rats
30 creatures vanquished.

Vanquished Creatures (others)
  A jackal (D:2)
1 creature vanquished.

Grand Total: 31 creatures vanquished

Notes
Turn   | Place    | Note
-------+----------+-------------------------------------------
     0 | D:1      | uname the Troll Fighter began the quest for the Orb.
     0 | D:1      | Reached XP level 1. HP: 22/22 MP: 0/0
   278 | D:1      | Reached XP level 2. HP: 29/29 MP: 1/1
   537 | D:2      | Found a white marble altar of Elyvilon.
   620 | D:2      | Reached XP level 3. HP: 31/36 MP: 2/2
   904 | D:3      | Found an iron altar of Okawaru.
   911 | D:3      | Became a worshipper of Warmaster Okawaru
  1004 | D:3      | Slain by an orc wizard

Skill      XL: |  1  2 |
---------------+-------+-----
Maces & Flails | 2 |  2.4
Fighting       | |  2.7
Dodging        | |  2.8
Shields        | |  2.7

Action                   || total
-------------------------++-------
Melee: Flail             ||    82
Evoke: Wand              ||     2
  Use: Scroll            ||     3
       Potion            ||     1
  Eat: Chunk             ||    10
Armor: Robe              ||    40
Dodge: Dodged            ||    32
Block: Shield            ||    37
